 Dungeon Crawl Stone Soup version 0.31.0-11-ge490571c62 (webtiles) character file.

Game seed: 15679286033333076471

3882 Aneyh the Summoner (level 10, -15/61 HPs)
             Began as a Tengu Monk on Jan 31, 2024.
             Was a Believer of Hepliaklqana.
             Demolished by an orc warrior
             ... wielding a +0 halberd
              (23 damage)
             ... in a bailey.
             The game lasted 00:20:42 (5927 turns).

Aneyh the Summoner (Tengu Monk)                     Turns: 5927, Time: 00:20:42

Health: -15/61     AC:  8    Str: 12    XL:     10   Next: 19%
Magic:  11/11      EV: 18    Int: 20    God:    Hepliaklqana [**....]
Gold:   518        SH:  0    Dex: 17    Spells: 0/9 levels left

rFire   . . .        a - +2 dagger (speed)
rCold   . . .        (no shield)
rNeg    . . .        Q - +0 steam dragon scales
rPois   .            v - +2 hat
rElec   .            (no cloak)
rCorr   .            m - +0 pair of gloves
SInv    .            (boots unavailable)
Will    .....        h - amulet of regeneration
Stlth   ++           A - +6 ring of intelligence
HPRegen 1.10/turn    (no ring)
MPRegen 0.12/turn

%: acrobat
@: about to teleport, flying
A: reduced essence, beak, talons 3, evasive flight, acrobatic
a: Renounce Religion, Recall Ancestor, Ancestor Identity


You were in a bailey.
You worshipped Hepliaklqana.
Hepliaklqana was pleased with you.
You visited 2 branches of the dungeon, and saw 9 of its levels.
You also visited: Bailey.

You collected 518 gold pieces.

Inventory:

Hand Weapons
 a - a +2 dagger of speed (weapon)
 b - a +0 shortbow
 e - a +0 spear
 p - a +0 halberd
 C - a +0 falchion
 H - a +1 mace of draining
 O - a +0 battleaxe
 P - a +2 dire flail of protection
Missiles
 r - 16 poisoned darts
 F - 5 throwing nets
Armour
 d - an orb of light
 m - a +0 pair of gloves (worn)
 v - a +2 hat (worn)
 x - a +0 robe
 Q - +0 steam dragon scales (worn)
Jewellery
 h - an amulet of regeneration (around neck)
 A - a +6 ring of intelligence (left hand)
 J - the ring "Furyocyts" {^Drain rF++ rN+++ rCorr Int-2}
   (You found it on level 6 of the Dungeon)

   [ring of resist corrosion]

   Int-2:     It affects your intelligence (-2).
   rF++:      It greatly protects you from fire.
   rN+++:     It renders you almost immune to negative energy.
   rCorr:     It protects you from acid and corrosion.
   ^Drain:    It drains your maximum health when unequipped.
 N - a +6 ring of dexterity
Wands
 c - a wand of flame (38)
 G - a wand of paralysis (25)
 K - a wand of iceblast (2)
 L - a wand of mindburst (11)
Scrolls
 i - 2 scrolls of fear {unknown}
 j - 2 scrolls of poison {unknown}
 k - 3 scrolls of amnesia
 n - a scroll of brand weapon {unknown}
 q - 2 scrolls of blinking {unknown}
 w - a scroll of teleportation
 y - a scroll of identify
 z - 2 scrolls of revelation
 D - 3 scrolls of enchant weapon
 I - a scroll of immolation {unknown}
 M - a scroll of fog {unknown}
Potions
 f - 2 potions of enlightenment
 g - 2 potions of curing
 l - 2 potions of haste {unknown}
 o - a potion of heal wounds {unknown}
 s - 2 potions of lignification
 t - 4 potions of mutation {unknown}
 u - 4 potions of brilliance
 B - 2 potions of degeneration {unknown}
 E - a potion of resistance {unknown}
 R - 3 potions of cancellation {unknown}
 S - a potion of might {unknown}


   Skills:
 - Level 10.0 Fighting
 - Level 4.0 Long Blades
 - Level 4.0 Dodging
 * Level 12.4 Summonings


You couldn't memorise any spells.
You knew the following spells:

 Your Spells              Type           Power      Damage    Failure   Level
a - Call Imp              Summ           98%        N/A       1%          2
b - Summon Hydra          Summ           24%        N/A       71%         7

Your spell library contained the following spells:

 Spells                   Type           Power      Damage    Failure   Level
 Magic Dart               Conj           0%         1d3       19%         1
 Ensorcelled Hibernation  Hex/Ice        0%         N/A       28%         2
 Jinxbite                 Hex            0%         N/A       28%         2
 Searing Ray              Conj           0%         2d4       28%         2
 Sublimation of Blood     Necr           0%         N/A       28%         2
 Fugue of the Fallen      Necr           0%         N/A       50%         3
 Anguish                  Hex/Necr       0%         N/A       88%         4
 Fulminant Prism          Conj/Alch      0%         3d5       88%         4
 Yara's Violent Unravell  Hex/Alch       0%         3d3       99%         5
 Enfeeble                 Hex            0%         N/A       100%        7


Dungeon Overview and Level Annotations

Branches:
Dungeon (8/15)             Temple (1/1) D:6          Bailey (1/1)
   Lair: D:8-11

Altars:
Cheibriados
Dithmenos
Elyvilon
Fedhas
Gozag
Hepliaklqana
Kikubaaqudgha
Makhleb
Nemelex Xobeh
Okawaru
Ru
Sif Muna
Trog
Uskayaw
Vehumet
Wu Jian
Xom
Yredelemnul
Zin
The Shining One

Shops:
D:4 ?=?*

Annotations:
D:5 1 runed translucent door
D:8 Amaemon


Innate Abilities, Weirdness & Mutations

Your life essence is reduced to manifest your ancestor. (-10% HP)
You have a beak for a mouth.
You have claws for feet.
Your magical flight helps you evade attacks. (EV +4)
You can magically evade attacks while moving or waiting.


Message History

The orc warrior goes into a battle-frenzy!
There is a huge open gate here.
Found 3 scrolls of enchant armour and 2 scrolls of enchant weapon.
The orc warrior shouts! x2; You hear a shout!
Found 2 scrolls of enchant armour and a scroll of enchant weapon.
The orc warrior completely misses you.
The orc warrior hits you from afar with a +0 halberd!
An orc warrior comes into view. It is wielding a +0 glaive.
Found 4 scrolls of enchant weapon.
The orc warrior shouts!
The orc warrior completely misses you. x2
An orc knight comes into view. It is wielding a +0 halberd.
Psammuthes points at the orc warrior and mumbles some strange words.
The stone arrow hits the orc warrior but does no damage.
The orc knight shouts!
You hit the orc warrior.
You claw the orc warrior, but do no damage.
The orc warrior is lightly wounded.
You hit the orc warrior but do no damage.
The orc warrior is lightly wounded.
The orc warrior hits you from afar with a +0 halberd!
The orc warrior barely misses you.
The orc knight roars a battlecry!
The orc warriors go into a battle-frenzy!
You barely miss the orc warrior.
The orc warrior is lightly wounded.
The orc warrior hits you from afar with a +0 halberd!!
* * * LOW HITPOINT WARNING * * *
The orc warrior hits you with a +0 trident!
* * * LOW HITPOINT WARNING * * *
Unknown command.
Okay, then.
The orc warrior misses you.
The orc knight roars a battlecry!
The orc knight goes into a battle-frenzy!
As you read the scroll of teleportation, it crumbles to dust.
You feel strangely unstable.
Psammuthes hits the orc warrior with a +0 quarterstaff.
The orc warrior hits you from afar with a +0 halberd!!
You die...

#...o)..#
#..#.#..#
#...o...#
#.o...o.#
#.......#
##....o##
#'''''#
##.....##
#..R..@.#
#...o...#
#....o..#
#.......#
#...o...#
#.......#
#..??o..#
#..???..#
#..???..#


You could see the friendly Psammuthes the battlemage, 3 orc knights, 4 orc
warriors and an orc (strong).

Vanquished Creatures
  2 water moccasins
  An orc warrior (Bailey)
  A sky beast (D:7)
  2 ice beasts
  A phantom (D:5)
  2 scorpions (D:5)
  2 killer bees (D:8)
  2 howler monkeys (D:5)
  A bombardier beetle (D:5)
  A crimson imp (D:5)
  A jelly (D:6)
  2 hounds
  A gnoll bouda (D:8)
  2 orc priests
  Jessica (D:2)
  6 iguanas
  Natasha (thrice) (D:2)
  An orc wizard (D:5)
  13 gnolls
  9 adders
  3 ufetubi (D:6)
  3 dart slugs (D:2)
  2 ribbon worms
  19 orcs
  11 endoplasms
  4 giant cockroaches
  7 goblins
  5 hobgoblins
  6 jackals (D:1)
  7 kobolds
  3 quokkas
  10 ball pythons
  3 bats
  A frilled lizard (D:1)
  A goblin skeleton (D:5)
  A jackal zombie (D:5)
  6 rats
146 creatures vanquished.

Vanquished Creatures (collateral kills)
  A wyvern (D:7)
  2 steam dragons (D:8)
  A water moccasin (D:6)
  5 orc warriors
  A sky beast (D:7)
  A centaur (D:7)
  3 bullfrogs
  A gnoll sergeant (D:8)
  3 wights (D:6)
  3 killer bees (D:8)
  2 jellies
  An orc priest (D:7)
  A gnoll bouda (D:6)
  2 orc wizards
  An iguana (D:7)
  9 gnolls
  A shadow imp (D:7)
  2 white imps (D:7)
  An ufetubus (D:6)
  20 orcs
  2 goblins (D:8)
63 creatures vanquished.

Vanquished Creatures (others)
  4 battlemagi
  A gnoll (D:8)
5 creatures vanquished.

Grand Total: 214 creatures vanquished

Notes
Turn   | Place    | Note
-------+----------+-------------------------------------------
     0 | D:1      | Aneyh the Tengu Monk began the quest for the Orb.
     0 | D:1      | Reached XP level 1. HP: 14/14 MP: 2/2
    95 | D:1      | Reached XP level 2. HP: 19/19 MP: 3/3
   270 | D:1      | Reached XP level 3. HP: 23/23 MP: 4/4
   455 | D:2      | Noticed Jessica
   461 | D:2      | Killed Jessica
   462 | D:2      | Reached XP level 4. HP: 30/30 MP: 5/5
   894 | D:2      | Noticed Natasha
   901 | D:2      | Killed Natasha
   929 | D:2      | Noticed Natasha
   935 | D:2      | Killed Natasha
   936 | D:2      | Reached skill level 5 in Fighting
   936 | D:2      | Reached XP level 5. HP: 28/35 MP: 6/6
   957 | D:2      | Noticed Natasha
   973 | D:2      | Killed Natasha
  1024 | D:3      | Found a white marble altar of Elyvilon.
  1458 | D:3      | Reached XP level 6. HP: 36/41 MP: 7/7
  2011 | D:4      | Found Lan Baof's Magic Scroll Emporium.
  2044 | D:4      | Identified the +4 helmet of an ossuary {Rampage MP+9 Str-2
                  | Dex+5}
  2250 | D:4      | Found an ornate altar of the Wu Jian Council.
  2302 | D:4      | Found Hexke's Jewellery Boutique.
  2304 | D:4      | Found Yfanaomevy's General Store.
  2304 | D:4      | Found Sozxueschu's Magic Scroll Boutique.
  2474 | D:4      | Found a radiant altar of Vehumet.
  2483 | D:5      | Entered Level 5 of the Dungeon
  2647 | D:5      | Gained mutation: Your magical flight helps you evade
                  | attacks. (EV +4) [Tengu growth]
  2647 | D:5      | Reached XP level 7. HP: 48/48 MP: 8/8
  3014 | D:5      | Noticed a human
  3016 | D:5      | Found a runed translucent door.
  3018 | D:5      | Found a basalt altar of Yredelemnul.
  3345 | D:5      | Found a burning altar of Makhleb.
  3657 | D:6      | Reached XP level 8. HP: 56/56 MP: 9/9
  3837 | D:6      | Identified the ring "Furyocyts" {^Drain rF++ rN+++ rCorr
                  | Int-2}
  3863 | D:6      | Learned a level 2 spell: Call Imp
  3883 | D:6      | Found a staircase to the Ecumenical Temple.
  3888 | Temple   | Entered the Ecumenical Temple
  3893 | Temple   | Became a worshipper of Hepliaklqana the Forgotten
  3893 | Temple   | Reached * piety under Hepliaklqana
  3893 | Temple   | Reached ** piety under Hepliaklqana
  3900 | D:6      | Remembered your ancestor Psammuthes as a battlemage
  4010 | D:6      | Reached skill level 10 in Fighting
  4010 | D:6      | Reached skill level 2 in Summonings
  4163 | D:6      | Reached skill level 3 in Summonings
  4372 | D:6      | Reached skill level 4 in Summonings
  4404 | D:6      | Reached skill level 5 in Summonings
  4489 | D:7      | Reached skill level 6 in Summonings
  4489 | D:7      | Reached XP level 9. HP: 24/55 MP: 10/10
  4595 | D:7      | Reached skill level 7 in Summonings
  4873 | D:7      | Reached skill level 8 in Summonings
  5098 | D:7      | Reached skill level 9 in Summonings
  5374 | D:8      | Reached skill level 10 in Summonings
  5418 | D:8      | Noticed Amaemon
  5423 | D:8      | Noticed an orange demon
  5552 | D:8      | Reached skill level 11 in Summonings
  5556 | D:8      | Reached XP level 10. HP: 48/61 MP: 11/11
  5567 | D:8      | Found a flagged portal.
  5582 | Bailey   | Entered a bailey
  5703 | Bailey   | Learned a level 7 spell: Summon Hydra
  5753 | Bailey   | Reached skill level 12 in Summonings
  5847 | Bailey   | Noticed an orc knight
  5849 | Bailey   | Noticed an orc knight
  5922 | Bailey   | Noticed an orc knight
  5927 | Bailey   | Demolished by an orc warrior

Illustrated notes

Levels and vault maps discovered:
D:1:      ebering_trefoil_twist, layout_basic, nrook_uturn
D:2:      layout_basic, uniq_natasha, uniq_jessica
D:3:      layout_basic, elyvilon_altar_1, minmay_randomly_rotated_circles
D:4:      layout_rooms, general_overflow_altar,
          pdpol_wu_jian_five_deadly_venoms, serial_shops, shop,
          nicolae_shop_distant_corner_stores, minmay_diced_spiral
D:5:      kennysheep_big_flooded_room, layout_loops_corners,
          dk_yredelemnul_ordeal, makhleb_grotto_becter
D:6:      layout_basic, minmay_temple_entry_glassed_door,
          nicolae_kite_square_tiling_tiny
D:7:      layout_loops_cross, serial_rivers, chequers_serial_rivers_micro_b,
          chequers_serial_rivers_micro_b, chequers_serial_rivers_micro_b,
          chequers_serial_rivers_micro_b, chequers_serial_rivers_room_a
D:8:      layout_cave_pools, enter_bailey_4, minmay_strange_pillars,
          chequers_serial_rivers_micro_b, uniq_erica, uniq_amaemon, uniq_grum
Temple:   minmay_freezing_vapour_temple
Bailey:   bailey_polearm_5, bailey

Skill      XL: |  1  2  3  4  5  6  7  8  9 10 |
---------------+-------------------------------+-----
Long Blades    | 4 |  4.0
Fighting       | 4 5 6 7 8 10 | 10.0
Dodging        | 4 |  4.0
Summonings     | 6 11 12 | 12.4

Action                     |  1- 3 |  4- 6 |  7- 9 | 10-12 || total
---------------------------+-------+-------+-------+-------++-------
  Melee: Falchion          |    47 |   111 |       |       ||   158
         Kick              |     6 |    43 |    76 |     7 ||   132
         Peck              |     4 |    22 |    49 |     6 ||    81
         Dagger            |       |    30 |   199 |    15 ||   244
         Punch             |       |       |     3 |       ||     3
         Dire flail        |       |       |    13 |     5 ||    18
         Spear             |       |       |     2 |       ||     2
   Fire: Shortbow          |       |    74 |   140 |    24 ||   238
   Cast: Call Imp          |       |       |     7 |       ||     7
 Invoke: Ancestor Life: Ba |       |       |     1 |       ||     1
         Recall Ancestor   |       |       |       |     2 ||     2
    Use: Scroll            |       |     4 |     4 |     1 ||     9
         Potion            |       |     1 |     3 |       ||     4
   Stab: Sleeping          |     4 |     1 |       |       ||     5
         Distracted        |       |       |     2 |       ||     2
 Armour: Robe              |    18 |     2 |       |       ||    20
         Leather armour    |       |   100 |    87 |       ||   187
         Steam dragon scal |       |       |    33 |    19 ||    52
  Dodge: Dodged            |    38 |   142 |   200 |    53 ||   433
